 Dungeon Crawl Stone Soup version 0.17-a0-1738-g82cdc46 (webtiles) character file.

24 TuckyLangle the Changer (level 2, -3/25 HPs)
             Began as a Draconian Transmuter on Aug 30, 2015.
             Slain by an adder (4 damage)
             ... on level 1 of the Dungeon.
             The game lasted 00:03:07 (1015 turns).

TuckyLangle the Changer (Draconian Transmuter)      Turns: 1015, Time: 00:03:08

Health: -3/25      AC:  2    Str: 12    XL:     2   Next: 79%
Magic:  5/5        EV: 12    Int: 13    God:
Gold:   10         SH:  0    Dex: 11    Spells: 1 memorised, 4 levels left

rFire  . . .     SeeInvis .     l - +0 dagger (holy)
rCold  . . .     Clarity  .     (armour unavailable)
rNeg   . . .     SustAt   .     (no shield)
rPois  .         Gourm    .     (helmet restricted)
rElec  .         Spirit   .     (no cloak)
rCorr  .         Warding  .     g - +0 pair of gloves
rMut   .         Stasis   .     (no boots)
MR     .....                    (no amulet)
Stlth  +.........               (no ring)
                                e - -3 ring of protection (curse)

@: lethally poisoned (-3 -> -7), not resistant to hostile enchantments, very
unstealthy
A: unfitting armour, robust 1, cold-blooded, AC +4
a: no special abilities


You were on level 1 of the Dungeon.
You were not hungry.

You visited 1 branch of the dungeon, and saw 2 of its levels.

You collected 10 gold pieces.

Inventory:

Hand weapons
 l - a +0 dagger of holy wrath (weapon)
Missiles
 a - 12 arrows
 m - 5 tomahawks of returning (quivered)
Armour
 g - a +0 pair of gloves (worn)
Jewellery
 e - a cursed -3 ring of protection (left hand)
Scrolls
 d - a scroll of blinking {unknown}
 f - a scroll of identify
 n - a scroll of amnesia
Potions
 h - a potion of agility
Books
 b - a book of Changes

   Spells                             Type                      Level
   a - Beastly Appendage              Transmutation                1
   b - Sticks to Snakes               Transmutation                2
   c - Spider Form                    Transmutation/Poison         3
   d - Ice Form                       Ice/Transmutation            4
   e - Blade Hands                    Transmutation                5
Comestibles
 c - a bread ration
 i - a meat ration
 j - a beef jerky


   Skills:
 - Level 1.1 Fighting
 - Level 1.7 Dodging
 - Level 3.0 Unarmed Combat
 - Level 2.0 Spellcasting
 * Level 3.4 Transmutations


You had 4 spell levels left.
You knew the following spells:

 Your Spells              Type           Power        Failure   Level  Hunger
a - Beastly Appendage     Trmt           ##....       10%         1    ##.....


Dungeon Overview and Level Annotations

Branches:
Dungeon (2/15)

Altars:


Innate Abilities, Weirdness & Mutations

Your plain brown scales are hard (AC +4).
Your body does not fit into most forms of armour.
You are cold-blooded and may be slowed by cold attacks.
You are robust (+10% HP).


Message History

You are lethally poisoned!
The adder poisons you!
You climb upwards.
* * * LOW HITPOINT WARNING * * *
You feel sick.
There is a stone staircase leading down here.
Read which item? (? for menu, Esc to quit)
Okay, then.
Drink which item? (? for menu, Esc to quit)
It was a potion of beneficial mutation.
You feel robust.
You feel fantastic! The adder barely misses you.
You are too injured to fight recklessly!
You are too injured to fight recklessly!
You are too injured to fight recklessly!
You closely miss the adder. You tail-slap the adder.
The adder is almost dead.
* * * LOW HITPOINT WARNING * * *
You feel sick. The adder bites you.
You die...

##.#.######.# #..###..###.##..+.
#.###.......# #..# ##.# #.###.รท+
##.#.##########..# #.# #.# #...
#..##...........# #.# #)# ####
#..##.#########.####.###.# #
###..##.########...........#
................#.####....#######
####.##########S....##.#.........
#.# #####.@...##.#..#######
##.######.........##.#..#
#.........###.....##.#..#
##.######## #........#..# ###
###.######..# #.######..#######
#................
########....##### ###..# #


You could see an adder.

Vanquished Creatures
  An ooze (D:1)
  2 giant cockroaches (D:1)
  2 goblins (D:1)
  5 hobgoblins
  3 jackals (D:1)
  A bat (D:1)
  3 kobolds (D:1)
  3 rats (D:1)
20 creatures vanquished.

Notes
Turn   | Place    | Note
--------------------------------------------------------------
     0 | D:1      | TuckyLangle the Draconian Transmuter began the quest for the Orb.
     0 | D:1      | Reached XP level 1. HP: 16/16 MP: 3/3
   154 | D:1      | Reached XP level 2. HP: 21/23 MP: 5/5
  1014 | D:1      | Gained mutation: You are robust (+10% HP). [potion of beneficial mutation]
  1015 | D:1      | HP: 1/25 [poisoned by an adder]
  1015 | D:1      | Slain by an adder

Vault maps used:
D:1:      lightli_arrival_maybe_door_vault
D:2:      first_bread

Action                   || total
-------------------------++-------
Melee: Unarmed           ||    38
       Dagger            ||    43
Throw: Tomahawk          ||     3
 Cast: Beastly Appendage ||     1
  Use: Scroll            ||     3
       Potion            ||     2
